 Dungeon Crawl Stone Soup version 0.30.1 (webtiles) character file.

Game seed: 14611371346403792500

67 monsoonserge the Trooper (level 4, -3/41 HPs)
             Began as a Hill Orc Fighter on July 9, 2023.
             Was a Follower of Qazlal.
             Slain by a gnoll
             ... wielding a +2 heavy flail
              (13 damage)
             ... on level 2 of the Dungeon.
             The game lasted 00:02:29 (964 turns).

monsoonserge the Trooper (Hill Orc Fighter)          Turns: 964, Time: 00:02:30

Health: -3/41      AC: 12    Str: 23    XL:     4   Next: 16%
Magic:  4/4        EV: 10    Int: 14    God:    Qazlal [*.....]
Gold:   62         SH:  6    Dex: 10    Spells: 3/3 levels left

rFire   . . .        a - +0 war axe
rCold   . . .        c - +0 buckler
rNeg    . . .        l - +3 ring mail "Inaer" {Harm Str+3}
rPois   .            (no helmet)
rElec   .            (no cloak)
rCorr   .            j - +2 pair of gloves
SInv    .            (no boots)
Will    .....        (no amulet) Stlth
                     e - +6 ring of intelligence
HPRegen 0.26/turn    (no ring)
MPRegen 0.09/turn

%: harm (+30% outgoing, +20% incoming)
@: no status effects
A: no striking features
a: Renounce Religion


You were on level 2 of the Dungeon.
You worshipped Qazlal.
Qazlal was aware of your devotion.
You visited 1 branch of the dungeon, and saw 2 of its levels.

You collected 62 gold pieces.

Inventory:

Hand Weapons
 a - a +0 war axe (weapon)
Missiles
 i - a throwing net (quivered)
Armour
 c - a +0 buckler (worn)
 j - a +2 pair of gloves (worn)
 l - the +3 ring mail "Inaer" (worn) {Harm Str+3}
   (You found it on level 2 of the Dungeon)

   Str:       It affects your strength (+3).
   Harm:      It increases damage dealt and taken.
Jewellery
 e - a +6 ring of intelligence (left hand)
Scrolls
 h - 2 scrolls of amnesia {unknown}
 k - a scroll of teleportation {unknown}
Potions
 d - a potion of might
 f - 2 potions of lignification {unknown}
 g - a potion of invisibility {unknown}


   Skills:
 + Level 4.5 Fighting
 - Level 4.0 Axes
 + Level 3.8 Armour
 + Level 0.2 Dodging
 + Level 3.4 Shields


You had 3 spell levels left.
You didn't know any spells.
Your spell library was empty.

Dungeon Overview and Level Annotations

Branches:
Dungeon (2/15)

Altars:
Qazlal


Message History

You kill the ball python!
Qazlal accepts your kill.
Things that are here:
a +0 club; a kobold corpse You start removing your armour.
You continue taking off your +0 scale mail. x4
You finish taking off your +0 scale mail.
You start putting on your armour.
You continue putting on the +3 ring mail "Inaer" {Harm Str+3}. x5
You finish putting on the +3 ring mail "Inaer" {Harm Str+3}.
You feel stronger.
Okay, then.
You drop a +0 scale mail.
A gnoll comes into view. It is wielding a +0 whip.
A gnoll comes into view. It is wielding a +2 heavy flail.
The gnoll shouts! x2
A gnoll comes into view. It is wielding a +0 whip.
Found 5 gold pieces.
You slash the gnoll!
The gnoll is severely wounded.
You block the gnoll's attack.
You slash the gnoll!
You kill the gnoll!
Qazlal accepts your kill.
You hit the gnoll.
The gnoll hits you with a +2 heavy flail!
Ouch! That really hurt!
Training target 4.0 for Axes reached!
Your Axes skill increases to level 4!
You have reached level 4!
You barely miss the gnoll.
The gnoll is moderately wounded.
The gnoll hits you with a +2 heavy flail.
* * * LOW HITPOINT WARNING * * *
Unknown command.
Okay, then.
You closely miss the gnoll.
The gnoll is moderately wounded.
The gnoll hits you with a +2 heavy flail!
You die...

#...# #####...#
........## #.....#
#####....#
#....[...#########
#.##..............
#.##....##########
#@##......#
#.g)#######.#
#....g .# #......
# #....... #
+........ #
#....###.. #
#..$.# ... # #


You could see 2 gnolls.

Vanquished Creatures
  4 gnolls (D:2)
  A dart slug (D:1)
  A bat (D:1)
  2 endoplasms (D:1)
  A giant cockroach (D:1)
  2 hobgoblins (D:1)
  2 jackals (D:1)
  A quokka (D:1)
  4 ball pythons
  A frilled lizard (D:1)
  3 goblins (D:1)
  2 kobolds
  2 rats (D:1)
26 creatures vanquished.

Notes
Turn   | Place    | Note
-------+----------+-------------------------------------------
     0 | D:1      | monsoonserge the Hill Orc Fighter began the quest for the
                  | Orb.
     0 | D:1      | Reached XP level 1. HP: 19/19 MP: 1/1
   165 | D:1      | Reached XP level 2. HP: 25/27 MP: 2/2
   384 | D:1      | Found a faded altar of an unknown god.
   393 | D:1      | Prayed at the altar of an unknown god.
   393 | D:1      | Became a worshipper of Qazlal Stormbringer
   393 | D:1      | Reached * piety under Qazlal
   493 | D:1      | Reached XP level 3. HP: 33/33 MP: 3/3
   934 | D:2      | Identified the +3 ring mail "Inaer" {Harm Str+3}
   963 | D:2      | Reached XP level 4. HP: 17/41 MP: 4/4
   964 | D:2      | Slain by a gnoll

Illustrated notes

Levels and vault maps discovered:
D:1:      beargit_arrival_greenhouse, layout_loops_ring,
          hellmonk_ecumenical_altar_slurped_away, nicolae_eternal_life
D:2:      layout_basic

Skill      XL: |  1  2  3 |
---------------+----------+-----
Fighting       | 4 |  4.5
Axes           | 3 4 |  4.0
Armour         | |  3.8
Dodging        | |  0.2
Shields        | |  3.4

Action                     |  1- 3 |  4- 6 || total
---------------------------+-------+-------++-------
  Melee: War axe           |    65 |     2 ||    67
 Armour: Scale mail        |    26 |       ||    26
  Dodge: Dodged            |    24 |       ||    24
  Block: Buckler           |    13 |       ||    13
